cohdb
Replays
Latest Replays
All Replays
Popular Replays
Top Player Replays
Match Explorer
How It Works
Community
CoH3 Stats
Reddit
Sign in to upload your games and track your stats! →
Sign in with Steam
Match 40927456
Unlisted
Match 40927456
Overview
Messages
Build Orders
End
Kradschützen Motorcycle Team
Panzergrenadier Squad
Panzergrenadier Squad
Construct Light Support Kompanie
Panzerjäger Squad
Panzergrenadier Squad
Selects Italian Infantry
Selects Guastatori Squad
Selects L6/40 Light Tank Combat Group
L6/40 Light Tank Combat Group
2.5-tonne Medical Truck
Fire Support Elements
Panzergrenadier Squad
Selects Defensive Operations
Selects Defensive Operations
Flakvierling Half-track
Guastatori Squad
Selects Prepared Positions
Pak 38 Anti-tank Gun Team
Construct Panzerarmee Kommand
Selects Obice 305mm Barrage
Panzer III L Medium Tank
Panzer III L Medium Tank
Vehicle Survival Package
Panzer III L Medium Tank
jerjawe
Mr Gerbik
0
0
Comments
sign in to comment!
No comments posted yet!